 Dungeon Crawl Stone Soup version 0.27-a0-1144-g0b7d3b79db (webtiles) character file.

Game seed: 12918852845826149416

22254 Azzok the Severer (level 13, -13/86 HPs)
             Began as a Formicid Fighter on May 10, 2021.
             Was a High Priest of Okawaru.
             Mangled by a minotaur
             ... wielding a +2 morningstar of protection
              (18 damage)
             ... in a Gauntlet.
             The game lasted 00:23:32 (15689 turns).

Azzok the Severer (Formicid Fighter)               Turns: 15689, Time: 00:23:33

Health: -13/86     AC: 17    Str: 41    XL:     13   Next: 26%
Magic:  19/20      EV: 10    Int:  8    God:    Okawaru [*****.]
Gold:   963        SH: 31    Dex:  3    Spells: 12/12 levels left

rFire    . . .     SeeInvis +   n - +1 hand axe (drain)
rCold    . . .     Faith    .   P - +8 tower shield "Zihaof" {rF- Will++ SInv}
rNeg     . . .     Spirit   .   o - +0 storm dragon scales
rPois    +         Reflect  .   (helmet unavailable)
rElec    +         Harm     .   b - +0 cloak of Trial and Error {rPois Str+7 Dex-4 SInv}
rCorr    .         Rampage  .   (no gloves)
Will     +++..                  F - +1 pair of boots {Stlth+}
Stlth    ..........             (no amulet)
HPRegen  0.24/turn              H - ring "Uhiebim" {Wiz rC+ Str+2 Dex-3}
MPRegen  0.17/turn              d - ring of the Turtledove {Fire Str+6}

@: heroic
A: permanent stasis, dig shafts and tunnels, antennae 3, four strong arms
a: Dig, Renounce Religion, Heroism, Finesse


You were in a Gauntlet.
You worshipped Okawaru.
Okawaru was extremely pleased with you.
You visited 2 branches of the dungeon, and saw 13 of its levels.
You also visited: Sewer and Gauntlet.

You collected 963 gold pieces.

Inventory:

Hand Weapons
 a - a +0 war axe
 g - a +2 battleaxe
 n - a +1 hand axe of draining (weapon)
 B - a +2 flail of protection
Missiles
 x - 3 throwing nets (quivered)
Armour
 b - the +0 cloak of Trial and Error (worn) {rPois Str+7 Dex-4 SInv}
   (You found it in a Gauntlet)

   It affects your strength (+7).
   It affects your dexterity (-4).
   It protects you from poison.
   It lets you see invisible.
 c - a +0 kite shield
 o - +0 storm dragon scales (worn)
 D - a +0 buckler of protection
 F - a +1 pair of boots of stealth (worn)
 G - a +2 cloak of willpower
 J - a scarf of repulsion
 O - +0 fire dragon scales
 P - the +8 tower shield "Zihaof" (worn) {rF- Will++ SInv}
   (Okawaru gifted it to you on level 1 of the Lair of Beasts)

   It makes you vulnerable to fire.
   It lets you see invisible.
   It greatly increases your willpower.
Jewellery
 d - the ring of the Turtledove (right hand) {Fire Str+6}
   (You found it on level 4 of the Dungeon)

   [ring of fire]

   It enhances your fire magic.
   It affects your strength (+6).
   It protects you from fire.
   It makes you vulnerable to cold.
 i - a +4 ring of evasion
 y - a ring of flight
 H - the ring "Uhiebim" (left hand) {Wiz rC+ Str+2 Dex-3}
   (You found it on level 8 of the Dungeon)

   [ring of wizardry]

   It improves your spell success rate.
   It affects your strength (+2).
   It affects your dexterity (-3).
   It protects you from cold.
 I - an amulet of faith
 K - a ring of poison resistance
Wands
 h - a wand of iceblast (18)
 r - a wand of paralysis (13)
 w - a wand of mindburst (16)
 A - a wand of flame (30)
 M - a wand of polymorph (5)
Scrolls
 f - 2 scrolls of blinking {unknown}
 j - 7 scrolls of teleportation {unknown}
 k - 3 scrolls of fear {unknown}
 p - 2 scrolls of amnesia {unknown}
 s - 5 scrolls of fog {unknown}
 z - a scroll of torment
 E - a scroll of vulnerability {unknown}
 L - a scroll of noise {unknown}
 N - a scroll of enchant armour {unknown}
Potions
 e - 5 potions of lignification
 l - 3 potions of attraction
 m - 8 potions of flight
 q - 2 potions of mutation {!q}
 t - 2 potions of brilliance
 u - 2 potions of invisibility
 v - 3 potions of curing
 C - a potion of cancellation


   Skills:
 - Level 3.2(8.2) Fighting
 * Level 17.0(22.0) Axes
 - Level 3.2(8.2) Armour
 + Level 10.0(15.0) Shields
 - Level 10.0 Invocations


You had 12 spell levels left.
You didn't know any spells.
Your spell library contained the following spells:

 Spells                   Type           Power      Damage    Failure   Level
 Animate Skeleton         Necr           0%         N/A       43%         1
 Pain                     Necr           0%         1d4       43%         1
 Summon Small Mammal      Summ           0%         N/A       43%         1
 Call Imp                 Summ           0%         N/A       56%         2
 Call Canine Familiar     Summ           0%         N/A       80%         3
 Confusing Touch          Hex            0%         N/A       80%         3
 Gell's Gravitas          Tloc           0%         N/A       80%         3
 Summon Guardian Golem    Hex/Summ       0%         N/A       80%         3
 Vampiric Draining        Necr           0%         2d6       80%         3
 Animate Dead             Necr           0%         N/A       99%         4
 Petrify                  Tmut/Erth      0%         N/A       99%         4
 Summon Ice Beast         Ice/Summ       0%         N/A       99%         4
 Summon Lightning Spire   Summ/Air       0%         N/A       99%         4
 Agony                    Necr           0%         N/A       100%        5
 Metabolic Englaciation   Hex/Ice        0%         N/A       100%        5
 Yara's Violent Unravell  Hex/Tmut       0%         3d3       100%        5


Dungeon Overview and Level Annotations

Branches:
Dungeon (11/15)            Temple (0/1) D:5            Lair (2/6) D:8
    Orc (0/2) D:11          Sewer (visited)         Gauntlet (1/1)
  Swamp: Lair:2-4    Shoals: Lair:2-4     Snake: Lair:2-4    Spider: Lair:2-4

Altars:
Ashenzari
Dithmenos
Elyvilon
Fedhas
Hepliaklqana
Kikubaaqudgha
Okawaru
Ru
Trog
Uskayaw
Wu Jian
Xom
Yredelemnul
The Shining One

Shops:
D:9 ?[[=

Annotations:
D:7 2 transporters, Menkaure
Lair:2 1 runed translucent door, jordank93's ghost, journeyman HuFi Gauntlet 6 transporters


Innate Abilities, Weirdness & Mutations

You cannot be hasted, slowed, berserked, paralysed or teleported.
You can dig through walls and to a lower floor.
You have a pair of large antennae on your head. (SInv)
Your four strong arms can wield two-handed weapons with a shield.


Message History

You hit the minotaur but do no damage.
The minotaur hits you with a +2 morningstar of protection!!
You block the minotaur's attack.
You barely miss the minotaur. You block the minotaur's attack. x2
The minotaur blocks your attack.
You hit the minotaur but do no damage. You drain the minotaur.
The minotaur is lightly wounded.
The minotaur hits you with a +2 morningstar of protection!!
* * * LOW HITPOINT WARNING * * *
The minotaur gores you but does no damage.
You hit the minotaur.
The minotaur is lightly wounded.
You block the minotaur's attack. x2
Okay, then.
You gain the combat prowess of a mighty hero.
You block the minotaur's attack. x2
The minotaur blocks your attack.
The minotaur is lightly wounded.
You block the minotaur's attack. x2
The minotaur blocks your attack.
The minotaur is lightly wounded.
You hit the minotaur. You drain the minotaur.
The minotaur is moderately wounded.
You block the minotaur's attack. x2
The minotaur blocks your attack.
The minotaur is moderately wounded.
You hit the minotaur but do no damage.
The minotaur is moderately wounded.
The minotaur hits you with a +2 morningstar of protection!
* * * LOW HITPOINT WARNING * * *
You block the minotaur's attack.
You hit the minotaur but do no damage.
The minotaur is lightly wounded.
You block the minotaur's attack. x2
The minotaur blocks your attack.
The minotaur is lightly wounded.
The minotaur blocks your attack.
The minotaur is lightly wounded.
The minotaur hits you with a +2 morningstar of protection!!
You die...

▒▒▒▒▒ ▒8∩8▒ ▒[·=▒
▒8·8▒ ▒}·[▒ ▒▒
▒8·8▒·8▒▒▒
▒·H·▒····▒ ▒
▒8@8▒··▒·▒
▒·▒··▒▒'▒▒··▒·▒
▒·············▒
▒·▒·▒▒·▒·▒▒·▒·▒
▒·▒····▒····▒·▒
▒▒▒·▒·▒▒▒▒▒▒▒·▒·▒▒▒
▒≈···············≈▒
▒▒▒
▒8§8·8··©·©··8·8·8▒
▒▒▒ ▒8▒
▒§···············≈▒
▒8▒


You could see a minotaur (drained).

Vanquished Creatures
  A fire dragon (Lair:1)
  4 hydras
  Harold (D:8)
  2 two-headed ogres (D:11)
  Pikel (D:6)
  A cyclops (D:11)
  Maurice (D:8)
  A black mamba (Lair:2)
  A gargoyle (D:11)
  Maggie (D:7)
  3 komodo dragons
  A rime drake (Lair:2)
  2 hornets
  3 trolls
  2 polar bears
  A wolf spider simulacrum (Gauntlet)
  5 blink frogs (Lair:1)
  A meliai zombie (D:10)
  2 centaur simulacra (Gauntlet)
  17 yaks
  A shadow (D:11)
  Eustachio (D:4)
  A human (D:10)
  4 hogs (D:10)
  3 wargs (D:8)
  A harpy simulacrum (Gauntlet)
  9 water moccasins
  A hydra simulacrum (Gauntlet)
  2 ice beasts (D:7)
  5 black bears
  4 sky beasts
  2 necrophages (D:6)
  6 wolves (Lair:1)
  5 centaurs
  3 ogres
  A phantom (D:5)
  2 kobold brigands
  A gnoll sergeant (D:9)
  3 bullfrogs
  A scorpion (D:4)
  3 small abominations (Gauntlet)
  A wyvern skeleton (D:7)
  A wyvern zombie (D:8)
  8 killer bees
  9 wights
  2 electric eels (Lair:1)
  3 howler monkeys
  6 centaur zombies
  8 orc priests
  A bullfrog skeleton (D:5)
  A bullfrog zombie (D:7)
  3 hounds
  A jelly (D:7)
  Crazy Yiuf (D:6)
  2 centaur skeletons
  A gnoll shaman (D:8)
  2 iguanas
  8 orc wizards
  11 hell rats
  A killer bee zombie (D:7)
  2 hound zombies (D:5)
  A hound skeleton (D:4)
  A killer bee simulacrum (D:8)
  2 howler monkey zombies
  15 gnolls
  4 adders
  7 river rats (Lair:2)
  2 white imps
  2 worms
  4 dart slugs
  28 orcs
  13 bats
  7 endoplasms
  4 giant cockroaches
  3 goblins
  3 hobgoblins
  16 jackals
  6 kobolds
  4 quokkas
  7 ball pythons
  7 frilled lizards
  9 rats
327 creatures vanquished.

Vanquished Creatures (others)
  2 demonic plants (Gauntlet)
  2 fungi (Lair:1)
  19 plants
23 creatures vanquished.

Grand Total: 350 creatures vanquished

Notes
Turn   | Place    | Note
-------+----------+-------------------------------------------
     0 | D:1      | Azzok the Formicid Fighter began the quest for the Orb.
     0 | D:1      | Reached XP level 1. HP: 18/18 MP: 1/1
    49 | D:1      | Found a faded altar of an unknown god.
   152 | D:1      | Reached XP level 2. HP: 15/24 MP: 2/2
   635 | D:1      | Reached skill level 3 in Axes
   732 | D:1      | Reached XP level 3. HP: 28/29 MP: 3/3
  1408 | D:2      | Reached skill level 4 in Axes
  1408 | D:2      | Reached XP level 4. HP: 17/35 MP: 4/4
  1647 | D:2      | Reached XP level 5. HP: 34/41 MP: 5/5
  1914 | D:3      | Reached skill level 5 in Axes
  2088 | D:3      | Found a glowing drain.
  2092 | Sewer    | Entered a sewer
  2282 | Sewer    | Reached XP level 6. HP: 47/47 MP: 6/6
  2622 | D:3      | Found an iron altar of Okawaru.
  2648 | D:3      | Became a worshipper of Warmaster Okawaru
  2861 | D:3      | Found a hazy altar of Hepliaklqana.
  3304 | D:4      | Found a white marble altar of Elyvilon.
  3346 | D:4      | Reached skill level 6 in Axes
  3377 | D:4      | Reached skill level 1 in Invocations
  3470 | D:4      | Noticed Eustachio
  3555 | D:4      | Killed Eustachio
  3555 | D:4      | Reached * piety under Okawaru
  3556 | D:4      | Reached XP level 7. HP: 8/52 MP: 7/9
  3841 | D:4      | Identified the ring of the Turtledove {Fire Str+6}
  3847 | D:4      | Reached skill level 7 in Axes
  3884 | D:4      | Found a bloodstained altar of Trog.
  3884 | D:4      | Found a broken altar of Ashenzari.
  3986 | D:4      | Found a shimmering altar of Xom.
  4514 | D:5      | Entered Level 5 of the Dungeon
  4595 | D:5      | Found an ornate altar of the Wu Jian Council.
  4639 | D:5      | Found a shadowy altar of Dithmenos.
  4738 | D:5      | Reached XP level 8. HP: 57/58 MP: 9/11
  4982 | D:5      | Reached skill level 8 in Axes
  5080 | D:5      | Found a staircase to the Ecumenical Temple.
  5347 | D:6      | Reached skill level 5 in Invocations
  5479 | D:6      | Reached ** piety under Okawaru
  5614 | D:6      | Reached skill level 9 in Axes
  5735 | D:6      | Found a runed translucent door.
  5736 | D:6      | Noticed Crazy Yiuf
  5783 | D:6      | Noticed Pikel
  5823 | D:6      | Killed Pikel
  5824 | D:6      | Reached XP level 9. HP: 50/64 MP: 13/13
  5839 | D:6      | Reached skill level 10 in Axes
  6252 | D:6      | Killed Crazy Yiuf
  6294 | D:7      | Found a hide-covered altar of Uskayaw.
  6436 | D:7      | Noticed a troll
  6443 | D:7      | Killed a troll
  6443 | D:7      | Reached *** piety under Okawaru
  6451 | D:7      | Reached skill level 11 in Axes
  6483 | D:7      | Reached XP level 10. HP: 67/70 MP: 16/16
  6617 | D:7      | Found a blossoming altar of Fedhas.
  6936 | D:7      | Noticed Maggie
  6939 | D:7      | Reached skill level 12 in Axes
  6957 | D:7      | Killed Maggie
  6957 | D:7      | Reached **** piety under Okawaru
  7263 | D:7      | Found a transporter.
  7272 | D:7      | Found a transporter.
  7332 | D:7      | Found a basalt altar of Yredelemnul.
  7339 | D:7      | Noticed Menkaure
  7342 | D:7      | Found an ancient bone altar of Kikubaaqudgha.
  7918 | D:8      | Noticed Harold
  7939 | D:8      | Killed Harold
  8015 | D:8      | Noticed Maurice
  8031 | D:8      | Killed Maurice
  8032 | D:8      | Reached skill level 13 in Axes
  8032 | D:8      | Reached skill level 10 in Invocations
  8032 | D:8      | Reached XP level 11. HP: 71/75 MP: 18/18
  8062 | D:8      | Found a glowing golden altar of the Shining One.
  8112 | D:8      | Reached ***** piety under Okawaru
  8120 | D:8      | Found a staircase to the Lair.
  8697 | D:8      | Received a gift from Okawaru
  8698 | D:8      | Reached skill level 14 in Axes
  8851 | D:8      | Identified the ring "Uhiebim" {Wiz rC+ Str+2 Dex-3}
  9040 | D:9      | Found Ufuch's Antique Armour Boutique.
  9077 | D:9      | Found Afuvo's Magic Scroll Shop.
  9679 | D:9      | Found Tuhuzaw's Antique Armour Boutique.
  9816 | D:9      | Found Ziempes's Jewellery Boutique.
  9868 | D:9      | Found a sacrificial altar of Ru.
 10052 | D:10     | Entered Level 10 of the Dungeon
 10165 | D:10     | Noticed a four-headed hydra
 10248 | D:9      | Killed a four-headed hydra
 10249 | D:9      | Reached skill level 5 in Shields
 11019 | D:11     | Noticed a two-headed ogre
 11032 | D:11     | Killed a two-headed ogre
 11033 | D:11     | Reached skill level 15 in Axes
 11033 | D:11     | Reached XP level 12. HP: 17/81 MP: 19/19
 11366 | D:11     | Found a staircase to the Orcish Mines.
 11366 | D:11     | Noticed a two-headed ogre
 11388 | D:11     | Killed a two-headed ogre
 12308 | D:11     | Noticed a four-headed hydra
 12329 | D:11     | Killed a four-headed hydra
 12858 | Lair:1   | Entered Level 1 of the Lair of Beasts
 13126 | Lair:1   | Noticed an eight-headed hydra
 13513 | Lair:1   | Killed an eight-headed hydra
 13660 | Lair:1   | Reached skill level 16 in Axes
 14531 | Lair:1   | Noticed a fire dragon
 14577 | Lair:1   | Killed a fire dragon
 14577 | Lair:1   | Identified the +8 tower shield "Zihaof" {rF- Will++ SInv}
                  | (Okawaru gifted it to you on level 1 of the Lair of Beasts)
 14577 | Lair:1   | Received a gift from Okawaru
 14785 | Lair:1   | You fall into a shaft and drop 1 floor!
 14785 | Lair:2   | Found a runed translucent door.
 14785 | Lair:2   | Noticed jordank93's ghost (journeyman HuFi)
 14798 | Lair:2   | Reached XP level 13. HP: 78/86 MP: 20/20
 14931 | Lair:2   | Found a gate leading to a gauntlet.
 14969 | Gauntlet | Entered a Gauntlet
 14969 | Gauntlet | Found a transporter.
 14969 | Gauntlet | Found a transporter.
 14970 | Gauntlet | Found a transporter.
 14973 | Gauntlet | Found a transporter.
 14973 | Gauntlet | Found a transporter.
 14973 | Gauntlet | Found a transporter.
 14979 | Gauntlet | Noticed a six-headed hydra
 14986 | Gauntlet | Found a transporter.
 14990 | Gauntlet | Found a transporter.
 14991 | Gauntlet | Found a transporter.
 14991 | Gauntlet | Found a transporter.
 15001 | Gauntlet | Found a transporter.
 15001 | Gauntlet | Found a transporter.
 15258 | Gauntlet | Killed a six-headed hydra
 15420 | Gauntlet | Reached skill level 10 in Shields
 15432 | Gauntlet | Reached skill level 17 in Axes
 15464 | Gauntlet | Identified the +0 cloak of Trial and Error {rPois Str+7
                  | Dex-4 SInv}
 15653 | Gauntlet | Identified the +1 robe of Xom's Reproof {Harm rPois Str+3}
 15668 | Gauntlet | Identified the ring "Midargh" {rElec rCorr Str+4}
 15668 | Gauntlet | Noticed a minotaur
 15686 | Gauntlet | HP: 4/86 [minotaur/+2 morningstar of protection (7)]
 15689 | Gauntlet | Mangled by a minotaur

Illustrated notes

Levels and vault maps discovered:
D:1:      dpeg_arrival_lava_temple_mockup, layout_basic,
          chequers_ecumenical_altar_simple_redux
D:2:      layout_rooms, cheibrodos_gnoll_hut
D:3:      layout_basic, lemuel_tele_altar, amcnicky_altar_gilded,
          gup_sewer_entry_bowl, grunt_ministairs_12, hex_large,
          chequers_big_river
D:4:      layout_loops_ring, kennysheep_little_box,
          nicolae_elyvilon_peaceful_grove, gammafunk_temple_overflow_elements,
          grunt_ministairs_13, kennysheep_nondescript, minmay_splitting_lines,
          uniq_eustachio
D:5:      layout_basic, nicolae_wu_jian_immortal_techniques,
          nicolae_dithmenos_shadow_blocks, minmay_temple_entry_tees,
          minmay_diced_spiral
D:6:      layout_cave_pods, serial_glass, glass_columns_a, glass_columns_c,
          uniq_crazy_yiuf_cottage, uniq_pikel
D:7:      minmay_thinvault, layout_rooms, gammafunk_temple_of_torment,
          marbit_many_paths, nicolae_uskayaw_murder_on_the_dancefloor,
          uniq_menkaure, uniq_maggie
D:8:      layout_loops_cross, nicolae_tso_carved_into_rock,
          erik_lair_orcish_takeover, kennysheep_island_fort, uniq_maurice,
          uniq_harold
D:9:      layout_roguey, nicolae_overflow_hidden_temple, serial_shops, shop,
          nicolae_shop_statue_plus, shop, shop
D:10:     layout_rooms, st_stairs_6, grunt_livestock, palyth_stone_intersect,
          kennysheep_generic_room_14
D:11:     layout_loops_cross, orc_0_dummy, minmay_misc_feat_pillars
Lair:1:   dragon1_lemuel, layout_regular_city, serial_bayou_shore_a,
          grunt_megastairs_2, infiniplex_staircase_pool_2
Lair:2:   hangedman_what_comes_after_a, layout_chaotic_city,
          ebering_ghost_inner_flame, gauntlet_entry_generic,
          kennysheep_abandoned_house, lemuel_fruit_fields
Gauntlet: gammafunk_gauntlet_hard_choice [gammafunk_gauntlet_arena_hedges,
          gammafunk_gauntlet_arena_mazey, nicolae_gauntlet_arena_t_cross,
          gammafunk_gauntlet_arena_split_diamond, nicolae_gauntlet_arena_blocks,
          nicolae_gauntlet_swirl, nicolae_gauntlet_exit_dead_adventurers]

Skill      XL: |  1  2  3  4  5  6  7  8  9 10 11 12 13 |
---------------+----------------------------------------+-----
Axes           | 3 4 5 6 7 9 11 13 15 16 17 | 17.0
Invocations    | 2 4 6 8 10 | 10.0
Shields        | 6 9 10 | 10.0
Fighting       | |  3.2
Armour         | |  3.2

Action                   |  1- 3 |  4- 6 |  7- 9 | 10-12 | 13-15 || total
-------------------------+-------+-------+-------+-------+-------++-------
Melee: War axe           |   105 |   122 |       |     8 |       ||   235
       Hand axe          |       |    70 |   252 |   732 |   154 ||  1208
       Flail             |       |       |       |    25 |    27 ||    52
Throw: Throwing net      |       |       |       |     4 |       ||     4
       Dart              |       |       |       |     1 |       ||     1
Invok: Heroism           |       |       |       |     7 |     3 ||    10
Evoke: Wand              |       |       |       |     4 |       ||     4
  Use: Potion            |       |     1 |       |     4 |     2 ||     7
       Scroll            |       |       |       |    12 |       ||    12
 Stab: Held in net/web   |       |       |       |     1 |       ||     1
Armor: Scale mail        |    11 |       |       |       |       ||    11
       Plate armour      |    67 |   135 |       |       |       ||   202
       Storm dragon scal |       |       |    91 |   389 |    50 ||   530
Dodge: Dodged            |    27 |    97 |   108 |   298 |    21 ||   551
Block: Kite shield       |    51 |   166 |   113 |   163 |       ||   493
       Buckler           |       |       |       |    80 |       ||    80
       Tower shield      |       |       |       |     8 |   195 ||   203

Table legend: (Time is in decaauts)
 A = Elapsed time spent in this place.
 B = Non-inter-level travel time spent in this place.
 C = Inter-level travel time spent in this place.
 D = Time resting spent in this place.
 E = Time spent auto-exploring this place.
 F = Levels seen in this place.
 G = Mean time per level.
                   A        B        C        D        E       F      G
               +--------+--------+--------+--------+--------+-----+--------+
         Total |  15728 |  15362 |    366 |   2369 |   9575 |  15 | 1048.5 |
       Dungeon |  12702 |  12337 |    365 |   1704 |   8404 |  11 | 1154.7 |
          Lair |   1676 |   1676 |      0 |    289 |    963 |   2 |  838.0 |
         Sewer |    649 |    649 |      0 |     33 |    208 |   1 |  649.0 |
      Gauntlet |    700 |    700 |      0 |    343 |      0 |   1 |  700.0 |
               +--------+--------+--------+--------+--------+-----+--------+

Top non-repeatable levels by time:
    D:11: 1743 daAuts
     D:8: 1660 daAuts
  Lair:1: 1517 daAuts
     D:7: 1430 daAuts
     D:9: 1286 daAuts
     D:4: 1257 daAuts
     D:1: 1145 daAuts
     D:6: 1065 daAuts
     D:3: 942 daAuts
     D:2: 817 daAuts
     D:5: 710 daAuts
Gauntlet: 700 daAuts
   Sewer: 649 daAuts
    D:10: 643 daAuts
  Lair:2: 159 daAuts
